 Dungeon Crawl Stone Soup version 0.25.1-2-g60ff931df9 (webtiles) character file.

Game seed: 16822566636965394591

1005 gruber the Changer (level 8, -13/54 HPs)
             Began as a Demonspawn Transmuter on Sept 29, 2020.
             Was a Believer of Cheibriados.
             Mangled by an ogre
             ... wielding a +0 giant club
              (30 damage)
             ... on level 5 of the Dungeon.
             The game lasted 00:07:23 (6443 turns).

gruber the Changer (Demonspawn Transmuter)          Turns: 6443, Time: 00:07:23

Health: -13/54     AC:  2    Str: 14    XL:     8   Next: 0%
Magic:  5/11       EV: 20    Int: 21    God:    Cheibriados [**....]
Gold:   300        SH:  0    Dex: 23    Spells: 1/11 levels left

rFire    . . .     SeeInvis .     - Unarmed
rCold    . . .     Gourm    .   (shield currently unavailable)
rNeg     . . .     Faith    .   (armour currently unavailable)
rPois    .         Spirit   .   (helmet currently unavailable)
rElec    .         Reflect  .   (cloak currently unavailable)
rCorr    .         Harm     .   (gloves currently unavailable)
MR       .....                  (boots currently unavailable)
Stlth    ++........             (no amulet)
HPRegen  0.18/turn              s - ring of poison resistance
MPRegen  0.12/turn              (no ring)

@: spider-form, very slightly contaminated, very slow
A: tiny, demonic guardian 2
a: End Transformation, Bend Time, Renounce Religion


You were on level 5 of the Dungeon.
You worshipped Cheibriados.
Cheibriados was pleased with you.
You were not hungry.
You were a venomous arachnid creature.
You visited 1 branch of the dungeon, and saw 5 of its levels.
You also visited: Ossuary.

You collected 300 gold pieces.

Inventory:

Missiles
 a - 112 arrows
 l - 12 poisoned darts (quivered)
Armour
 b - a +0 robe (melded)
 e - a +0 helmet (melded)
 k - a +0 pair of gloves (melded)
Jewellery
 s - a ring of poison resistance (left front leg)
Wands
 r - a wand of acid (4)
Scrolls
 g - 6 scrolls of remove curse
 h - 6 scrolls of teleportation {unknown}
 j - 2 scrolls of amnesia {unknown}
 m - 2 scrolls of fog {unknown}
Potions
 c - a potion of lignification {unknown}
 f - a potion of mutation
 i - 3 potions of flight
 n - 6 potions of curing
 o - 3 potions of brilliance
 p - 3 potions of haste {unknown}
 t - a potion of invisibility
 u - a potion of magic
Comestibles
 d - 10 rations


   Skills:
 - Level 1.0 Fighting
 - Level 1.7 Dodging
 - Level 5.0 Unarmed Combat
 - Level 2.0 Spellcasting
 - Level 5.1 Transmutations
 + Level 3.2 Ice Magic
 - Level 4.1 Poison Magic


You had one spell level left.
You knew the following spells:

 Your Spells              Type           Power        Failure   Level  Hunger
a - Beastly Appendage     Tmut           ###...       8%          1    #......
b - Sticks to Snakes      Tmut           ###.....     10%         2    ##.....
c - Spider Form           Tmut/Pois      ###.......   19%         3    ###....
d - Ice Form              Ice/Tmut       ###.....     47%         4    #####..

Your spell library contained the following spells:

 Spells                   Type           Power        Failure   Level  Hunger
 Blade Hands              Tmut           ###.......   65%         5    ######.


Dungeon Overview and Level Annotations

Branches:
Dungeon (5/15)            Ossuary (visited)
 Temple: D:4-7

Altars:
Cheibriados
Kikubaaqudgha


Innate Abilities, Weirdness & Mutations

((You have hoof-like feet.))
((You are mostly covered in yellow scales. (AC +3)))
A demonic guardian rushes to your aid.


Message History

The ogre hits you with a +0 giant club!
* * * LOW HITPOINT WARNING * * *
You are too injured to fight recklessly!
You are too injured to fight recklessly!
Casting: Spider Form (dangerous; 7% risk of failure)
Confirm with . or Enter, or press ? or * to list all spells.
You turn into a venomous arachnid creature.
Your +0 helmet melds into your body.
Your +0 pair of gloves melds into your body.
Your +0 robe melds into your body.
Unknown command.
Unknown command.
Unknown command.
You are too injured to fight recklessly!
You are too injured to fight recklessly!
You bite the ogre!
The ogre is poisoned.
The ogre is severely wounded.
The ogre hits you with a +0 giant club!!
Ouch! That really hurt!
You die...

.## #.#
###### ## ...
#.# #..... .#
##.##.##
#.#... .#
#.#...#...
#..... .##
#.........
#..... ..
#=## #.....
.# #...
#.#..O#.#
#.##
#.....s.#
####### #...
####..>.#
.......###)##
###.##
...........[.
##.#
.........#.#)
##..#
.........#.#.
#...#
........##.#.
##.##
........##.#.
#.#
#######......
#.#
#.......#..#.


You could see an ogre (very poisoned).

Vanquished Creatures
  A centaur (D:5)
  2 scorpions (D:5)
  2 howler monkeys (D:4)
  2 crimson imps (D:5)
  A bullfrog zombie (D:5)
  3 human zombies (Ossuary)
  3 orc wizards
  2 worker ants
  3 big kobold zombies (Ossuary)
  A hound skeleton (D:4)
  3 mummies (Ossuary)
  6 adders
  6 gnolls
  A howler monkey skeleton (D:4)
  2 adder zombies (Ossuary)
  2 worms
  3 dart slugs
  4 leopard geckos
  6 orcs
  4 giant cockroaches
  4 goblins (D:1)
  5 hobgoblins
  9 jackals
  3 quokkas
  A ball python (D:2)
  9 bats
  6 frilled lizards
  3 gnoll zombies (Ossuary)
  2 goblin zombies (Ossuary)
  4 hobgoblin zombies (Ossuary)
  4 jackal zombies
  6 kobolds
  3 kobold zombies (Ossuary)
  4 orc zombies (Ossuary)
  4 quokka zombies (Ossuary)
  4 rats (D:1)
  2 rat zombies (Ossuary)
130 creatures vanquished.

Vanquished Creatures (collateral kills)
  A scorpion (D:4)
  A gnoll shaman (D:4)
  6 gnolls
  2 adders
  A worm (D:2)
  A ball python (D:4)
  2 jackals
  A kobold zombie (Ossuary)
15 creatures vanquished.

Grand Total: 145 creatures vanquished

Notes
Turn   | Place    | Note
-------+----------+-------------------------------------------
     0 | D:1      | gruber the Demonspawn Transmuter began the quest for the
                  | Orb.
     0 | D:1      | Reached XP level 1. HP: 15/15 MP: 3/3
   334 | D:1      | Gained mutation: You are partially covered in yellow
                  | scales. (AC +2) [demonic ancestry]
   334 | D:1      | Reached XP level 2. HP: 19/21 MP: 3/5
   444 | D:1      | Learned a level 2 spell: Sticks to Snakes
   608 | D:1      | Lost mutation: You have claws for feet. [demonic ancestry]
   608 | D:1      | Lost mutation: You have razor-sharp toenails. [demonic
                  | ancestry]
   608 | D:1      | Lost mutation: You have sharp toenails. [demonic ancestry]
   608 | D:1      | Gained mutation: You have large cloven feet. [demonic
                  | ancestry]
   608 | D:1      | Reached XP level 3. HP: 24/26 MP: 0/6
  1155 | D:2      | Learned a level 3 spell: Spider Form
  1717 | D:2      | Gained mutation: A weak demonic guardian rushes to your
                  | aid. [demonic ancestry]
  1717 | D:2      | Reached XP level 4. HP: 28/32 MP: 2/7
  1789 | D:2      | Found a faded altar of an unknown god.
  2659 | D:3      | Reached skill level 5 in Unarmed Combat
  3344 | D:4      | Reached skill level 1 in Poison Magic
  3344 | D:4      | Reached XP level 5. HP: 32/37 MP: 8/8
  3565 | D:4      | Gained mutation: You are mostly covered in yellow scales.
                  | (AC +3) [demonic ancestry]
  3565 | D:4      | Reached XP level 6. HP: 26/43 MP: 6/9
  4119 | D:4      | Found a snail-covered altar of Cheibriados.
  4189 | D:4      | Found an ancient bone altar of Kikubaaqudgha.
  4236 | D:4      | Became a worshipper of Cheibriados the Contemplative
  4452 | D:5      | Entered Level 5 of the Dungeon
  4533 | D:5      | Gained mutation: A demonic guardian rushes to your aid.
                  | [demonic ancestry]
  4533 | D:5      | Reached XP level 7. HP: 22/48 MP: 10/10
  4721 | D:5      | Found a sand-covered staircase.
  4743 | Ossuary  | Entered an ossuary
  5033 | Ossuary  | Learned a level 4 spell: Ice Form
  5290 | Ossuary  | Reached * piety under Cheibriados
  5305 | Ossuary  | Reached skill level 5 in Transmutations
  5507 | Ossuary  | Reached skill level 1 in Ice Magic
  6169 | D:5      | Reached ** piety under Cheibriados
  6227 | D:5      | Gained mutation: You have hoof-like feet. [demonic
                  | ancestry]
  6227 | D:5      | Reached XP level 8. HP: 28/54 MP: 7/11
  6443 | D:5      | Mangled by an ogre

Illustrated notes

Levels and vault maps discovered:
D:1:      nicolae_arrival_somewhat_less_tricky_arrival, layout_basic,
          serial_bayou_pond_e
D:2:      layout_basic, chequers_ecumenical_altar_simple,
          chequers_serial_rivers_large_a
D:3:      layout_loops_ring
D:4:      layout_rooms, lemuel_coloured_pillars_altar, first_ration,
          cheibriados_altar_1
D:5:      layout_loops_cross, minitemple, enter_ossuary_3

Skill      XL: |  1  2  3  4  5  6  7 |
---------------+----------------------+-----
Unarmed Combat | 3 4 5 |  5.0
Poison Magic   | 1 3 4 |  4.1
Transmutations | 2 3 5 |  5.1
Ice Magic      | 3 |  3.2
Fighting       | |  1.0
Dodging        | |  1.7
Spellcasting   | |  2.0

Action                   |  1- 3 |  4- 6 |  7- 9 || total
-------------------------+-------+-------+-------++-------
Melee: Unarmed           |   119 |   180 |   252 ||   551
       Kick              |    22 |    37 |    53 ||   112
       Headbutt          |     1 |       |       ||     1
       Punch             |     3 |     3 |     4 ||    10
 Cast: Beastly Appendage |     5 |       |       ||     5
       Sticks to Snakes  |     8 |     1 |     1 ||    10
       Spider Form       |       |     7 |    10 ||    17
       Ice Form          |       |       |     1 ||     1
  Use: Scroll            |       |       |     7 ||     7
 Stab: Sleeping          |     1 |     1 |       ||     2
       Distracted        |     1 |       |     1 ||     2
  Eat: Chunk             |     3 |    11 |     2 ||    16
       Ration            |       |       |     1 ||     1
Armor: Robe              |    37 |    47 |    53 ||   137
       Skin              |       |     1 |     4 ||     5
Dodge: Dodged            |    65 |   118 |   147 ||   330
